 Dungeon Crawl Stone Soup version 0.28.0-53-g5a82cb258f (webtiles) character file.

Game seed: 1904931958709164183

294 Woods the Insei (level 6, -6/47 HPs)
             Began as a Gnoll Transmuter on June 7, 2022.
             Mangled by Dowan
             ... wielding a +0 dagger
              (8 damage)
             ... on level 4 of the Dungeon.
             The game lasted 00:05:55 (3437 turns).

Woods the Insei (Gnoll Transmuter)                  Turns: 3437, Time: 00:05:55

Health: -6/47      AC:  2    Str:  9    XL:     6   Next: 34%
Magic:  11/14      EV: 22    Int: 15    God:
Gold:   30         SH:  0    Dex: 17    Spells: 9/15 levels left

rFire   . . .      SeeInvis .     - Unarmed
rCold   . . .      Faith    .   (shield currently unavailable)
rNeg    . . .      Spirit   .   (armour currently unavailable)
rPois   x          Reflect  .   (helmet currently unavailable)
rElec   .          Harm     .   (cloak currently unavailable)
rCorr   .          Rampage  .   (gloves currently unavailable)
Will    .....                   (boots currently unavailable)
Stlth   ++........              (no amulet)
HPRegen 0.15/turn               (no ring)
MPRegen 0.14/turn               (no ring)

@: spider-form (expiring)
A: venomous fangs, tiny, (fangs 1), strong nose, distributed training
a: End Transformation


You were on level 4 of the Dungeon.
You were a venomous arachnid creature.
You visited 1 branch of the dungeon, and saw 4 of its levels.

You collected 125 gold pieces.
You spent 95 gold pieces at shops.

Inventory:

Armour
 a - a +0 robe (melded)
 j - a +0 chain mail
 m - a +0 pair of boots (melded)
 n - a +1 cloak of preservation (melded)
Wands
 o - a wand of acid (8)
Scrolls
 b - 2 scrolls of blinking
 c - 2 scrolls of immolation {unknown}
 f - 3 scrolls of fear {unknown}
 g - 2 scrolls of magic mapping {unknown}
 h - a scroll of vulnerability {unknown}
 l - 4 scrolls of identify
 q - 3 scrolls of teleportation {unknown}
 r - a scroll of summoning {unknown}
Potions
 d - a potion of berserk rage {unknown}
 e - a potion of ambrosia {unknown}
 i - a potion of degeneration {unknown}
 k - a potion of curing
 p - a potion of mutation {unknown}


   Skills:
 + Level 3.2 Fighting
 + Level 1.9 Short Blades
 + Level 1.9 Long Blades
 + Level 1.9 Axes
 + Level 1.9 Maces & Flails
 + Level 1.9 Polearms
 + Level 1.9 Staves
 + Level 1.9 Slings
 + Level 1.9 Bows
 + Level 1.9 Crossbows
 + Level 1.9 Throwing
 + Level 1.9 Armour
 + Level 5.0 Dodging
 + Level 1.9 Stealth
 + Level 1.9 Shields
 + Level 6.8 Unarmed Combat
 + Level 5.3 Spellcasting
 + Level 1.5 Conjurations
 + Level 1.5 Hexes
 + Level 1.5 Summonings
 + Level 1.5 Necromancy
 + Level 1.5 Translocations
 + Level 4.1 Transmutations
 + Level 1.5 Fire Magic
 + Level 1.5 Ice Magic
 + Level 1.5 Air Magic
 + Level 1.5 Earth Magic
 + Level 1.5 Poison Magic
 + Level 2.1 Invocations
 + Level 1.9 Evocations


You had 9 spell levels left.
You knew the following spells:

 Your Spells              Type           Power      Damage    Failure   Level
a - Beastly Appendage     Tmut           32%        N/A       11%         1
b - Wereblood             Tmut           16%        N/A       13%         2
c - Spider Form           Tmut/Pois      12%        N/A       34%         3

Your spell library contained the following spells:

 Spells                   Type           Power      Damage    Failure   Level
 Ice Form                 Ice/Tmut       12%        N/A       67%         4
 Petrify                  Tmut/Erth      12%        N/A       67%         4
 Metabolic Englaciation   Hex/Ice        4%         N/A       98%         5
 Statue Form              Tmut/Erth      8%         N/A       100%        6


Dungeon Overview and Level Annotations

Branches:
Dungeon (4/15)
 Temple: D:4-7

Altars:

Shops:
D:2 ?   D:3 (

Annotations:
D:4 Dowan


Innate Abilities, Weirdness & Mutations

You are a venomous arachnid creature.
You have poisonous fangs.
You are tiny and dextrous.
Your spellcasting is less reliable in this form.
Your armour is entirely melded.
You are incapable of wielding weapons or throwing items.
((You have very sharp teeth.))
Your uncanny sense of smell can sniff out nearby items.
Your experience applies equally to all skills.


Message History

Your +0 robe melds into your body.
Duvessa misses you. Duvessa barely misses you.
You bite Duvessa!
Duvessa is poisoned.
Duvessa is moderately wounded.
Duvessa barely misses you.
You hit Duvessa.
Duvessa looks as sick as possible!
Duvessa is heavily wounded.
Duvessa hits you with a +0 short sword! Duvessa completely misses you.
You hit Duvessa.
Duvessa is heavily wounded.
Dowan smirks and points a slender finger.
Dowan drinks a potion.
Dowan seems to grow stronger.
Duvessa drinks a potion.
Duvessa is healed!
Duvessa looks more healthy.
Duvessa barely misses you.
You barely miss Duvessa.
Duvessa is moderately wounded.
Duvessa hits you with a +0 short sword!
* * * LOW HITPOINT WARNING * * *
You bite Duvessa!
Duvessa is poisoned.
Duvessa is severely wounded.
Duvessa barely misses you.
You are too injured to fight recklessly!
You bite Duvessa!
You kill Duvessa!
Dowan seems overcome with grief.
Dowan seems to find hidden reserves of power!
Dowan casts a spell.
Dowan blinks!
Your Dodging skill increases to level 5!
Your Invocations skill increases to level 2!
You have reached level 6!
Things that are here:
a +0 short sword; a +0 leather armour; the elf corpse of Duvessa Your transformation is almost over.
Dowan hits you with a +0 dagger!
* * * LOW HITPOINT WARNING * * *
You hit Dowan.
Dowan is poisoned.
Dowan is lightly wounded.
Dowan hits you with a +0 dagger!
You die...

#.....<.###
#.......... ###.....#
########### #....†..#
#.........# #.#####.#
#.#######>#
###.#####.## #.# #.#
#........... #.#
#####.####.#.########
#.# #......)se.#[#
#.# #.###.######.#
#)# #.# #.######.#
#)###.###.##.....#
#..>......##.#####
###)..######.# #...#
#.# ####...#### #.#
#.........# #.#


You could see Dowan (fast, strong, very poisoned).

Vanquished Creatures
  Duvessa (D:4)
  Crazy Yiuf (D:2)
  Terence (D:2)
  Natasha (D:4)
  5 adders
  A worm (D:2)
  A dart slug (D:2)
  6 orcs
  4 ball pythons
  A bat (D:1)
  7 endoplasms
  2 giant cockroaches
  7 hobgoblins
  5 jackals (D:2)
  2 quokkas (D:2)
  4 frilled lizards
  3 goblins
  4 kobolds
  5 rats
61 creatures vanquished.

Vanquished Creatures (others)
  2 plants (D:1)
2 creatures vanquished.

Grand Total: 63 creatures vanquished

Notes
Turn   | Place    | Note
-------+----------+-------------------------------------------
     0 | D:1      | Woods the Gnoll Transmuter began the quest for the Orb.
     0 | D:1      | Reached XP level 1. HP: 17/17 MP: 6/6
   245 | D:1      | Reached XP level 2. HP: 23/23 MP: 7/7
   252 | D:1      | Learned a level 2 spell: Wereblood
   257 | D:1      | Found a faded altar of an unknown god.
  1156 | D:2      | Reached XP level 3. HP: 28/28 MP: 7/9
  1172 | D:2      | Reached skill level 5 in Spellcasting
  1290 | D:2      | Reached skill level 1 in Invocations
  1569 | D:2      | Noticed Terence
  1596 | D:1      | Learned a level 3 spell: Spider Form
  1603 | D:2      | Killed Terence
  1604 | D:2      | Reached skill level 1 in Short Blades
  1604 | D:2      | Reached skill level 1 in Long Blades
  1604 | D:2      | Reached skill level 1 in Axes
  1604 | D:2      | Reached skill level 1 in Maces & Flails
  1604 | D:2      | Reached skill level 1 in Polearms
  1604 | D:2      | Reached skill level 1 in Staves
  1604 | D:2      | Reached skill level 1 in Slings
  1604 | D:2      | Reached skill level 1 in Bows
  1604 | D:2      | Reached skill level 1 in Crossbows
  1604 | D:2      | Reached skill level 1 in Throwing
  1604 | D:2      | Reached skill level 1 in Armour
  1604 | D:2      | Reached skill level 1 in Stealth
  1604 | D:2      | Reached skill level 1 in Shields
  1604 | D:2      | Reached skill level 1 in Evocations
  1604 | D:2      | Reached XP level 4. HP: 20/34 MP: 3/11
  1971 | D:2      | Found a runed translucent door.
  1972 | D:2      | Noticed Crazy Yiuf
  2038 | D:2      | Killed Crazy Yiuf
  2039 | D:2      | Reached skill level 1 in Conjurations
  2039 | D:2      | Reached skill level 1 in Hexes
  2039 | D:2      | Reached skill level 1 in Summonings
  2039 | D:2      | Reached skill level 1 in Necromancy
  2039 | D:2      | Reached skill level 1 in Translocations
  2039 | D:2      | Reached skill level 1 in Fire Magic
  2039 | D:2      | Reached skill level 1 in Ice Magic
  2039 | D:2      | Reached skill level 1 in Air Magic
  2039 | D:2      | Reached skill level 1 in Earth Magic
  2039 | D:2      | Reached skill level 1 in Poison Magic
  2318 | D:2      | Found Loalefeh's Magic Scroll Shop.
  2334 | D:2      | Bought a scroll of blinking for 75 gold pieces
  2334 | D:2      | Bought a scroll of identify for 20 gold pieces
  2587 | D:3      | Reached XP level 5. HP: 32/40 MP: 10/12
  2793 | D:3      | Found Xacemeir's Antique Weapon Boutique.
  3188 | D:4      | Noticed Natasha
  3195 | D:4      | Killed Natasha
  3413 | D:4      | Noticed Duvessa
  3415 | D:4      | Noticed Dowan
  3434 | D:4      | Killed Duvessa
  3435 | D:4      | Reached skill level 5 in Dodging
  3435 | D:4      | Reached XP level 6. HP: 13/47 MP: 11/14
  3436 | D:4      | HP: 2/47 [Dowan/+0 dagger (11)]
  3437 | D:4      | Mangled by Dowan

Illustrated notes

Levels and vault maps discovered:
D:1:      minmay_arrival_wavy_path, layout_basic,
          dreamdust_ecumenical_altar_grove, minmay_misc_feat_roman,
          item_on_display_a
D:2:      layout_basic, serial_shops, shop, serial_bayou_lagoon_b, uniq_terence,
          uniq_crazy_yiuf_cottage
D:3:      layout_loops_cross, serial_shops, nicolae_shop_behind_doors,
          hangedman_abyss_or_decor_stabs
D:4:      minmay_bubble_buster, layout_loops_ring, minmay_manual_monstrance,
          uniq_natasha, uniq_duvessa, uniq_blork_the_orc

Skill      XL: |  1  2  3  4  5 |
---------------+----------------+-----
Spellcasting   | 5 |  5.3
Invocations    | 1 2 |  2.1
Short Blades   | 1 |  1.9
Long Blades    | 1 |  1.9
Axes           | 1 |  1.9
Maces & Flails | 1 |  1.9
Polearms       | 1 |  1.9
Staves         | 1 |  1.9
Slings         | 1 |  1.9
Bows           | 1 |  1.9
Crossbows      | 1 |  1.9
Throwing       | 1 |  1.9
Armour         | 1 |  1.9
Stealth        | 1 |  1.9
Shields        | 1 |  1.9
Evocations     | 1 |  1.9
Conjurations   | 1 |  1.5
Hexes          | 1 |  1.5
Summonings     | 1 |  1.5
Necromancy     | 1 |  1.5
Translocations | 1 |  1.5
Fire Magic     | 1 |  1.5
Ice Magic      | 1 |  1.5
Air Magic      | 1 |  1.5
Earth Magic    | 1 |  1.5
Poison Magic   | 1 |  1.5
Fighting       | 3 |  3.2
Transmutations | 4 |  4.1
Dodging        | 5 |  5.0
Unarmed Combat | |  6.8

Action                   |  1- 3 |  4- 6 || total
-------------------------+-------+-------++-------
Melee: Unarmed           |    66 |    83 ||   149
       Kick              |    16 |    16 ||    32
       Headbutt          |     8 |     7 ||    15
       Punch             |     2 |     3 ||     5
       Bite              |     2 |     6 ||     8
 Cast: Beastly Appendage |    15 |    15 ||    30
       Spider Form       |     1 |     4 ||     5
 Abil: End Transformatio |       |     2 ||     2
 Stab: Sleeping          |       |     2 ||     2
Armor: Robe              |     7 |     9 ||    16
       Skin              |       |     1 ||     1
Dodge: Dodged            |    31 |    41 ||    72
